 Dungeon Crawl Stone Soup version 0.30-a0-723-gc1506a1cf0 (webtiles) character file.

Game seed: 8582789075619084067

18774 kae the Earth Mage (level 12, -2/59 HPs)
             Began as a Gargoyle Earth Elementalist on Jan 28, 2023.
             Was a Believer of Vehumet.
             Slain by a spectral orc warrior
             ... wielding a +0 flail
             ... summoned by Nergalle
              (8 damage)
             ... on level 2 of the Lair of Beasts on Jan 29, 2023.
             The game lasted 00:21:23 (14947 turns).

kae the Earth Mage (Gargoyle Earth Elementalist)   Turns: 14947, Time: 00:21:23

Health: -2/59      AC: 22    Str: 13    XL:     12   Next: 62%
Magic:  3/24       EV: 16    Int: 33    God:    Vehumet [**....]
Gold:   862        SH:  5    Dex: 10    Spells: 13/28 levels left

rFire   . . .      SeeInvis .    i - +4 battleaxe
rCold   . . .      Faith    .    (shield currently unavailable)
rNeg    + . .      Spirit   .    T - +7 toga "Victory" {*Victory Int+7 Slay+7 Clar}
rPois   ∞          Reflect  +    (no helmet)
rElec   +          Harm     .    Q - +1 cloak
rCorr   .          Rampage  .    h - +2 pair of gloves
Will    .....      Clarity  +    (no boots)
Stlth   ++                       G - amulet of reflection
HPRegen 0.29/turn                E - +5 ring of evasion
MPRegen 0.19/turn                I - +6 ring of intelligence

@: no status effects
A: sickness immunity, AC +8, negative energy resistance 1, electricity
resistance, torment resistance 1, petrification resistance
a: Renounce Religion


You were on level 2 of the Lair of Beasts.
You worshipped Vehumet.
Vehumet was pleased with you.
You visited 3 branches of the dungeon, and saw 15 of its levels.

You collected 1074 gold pieces.
You spent 212 gold pieces at shops.


Innate Abilities, Weirdness & Mutations

You are immune to sickness and miasma.
Your stone body is resilient. (AC +8)
You are immune to poison.
You resist negative energy. (rN+)
You are resistant to electric shocks. (rElec)
You are resistant to unholy torment.
You are immune to petrification.


   Skills:
 - Level 1.5 Dodging
 - Level 2.1 Stealth
 + Level 8.8 Spellcasting
 * Level 13.8 Conjurations
 - Level 0.7 Transmutations
 * Level 15.8 Earth Magic


You had 13 spell levels left.
You knew the following spells:

 Your Spells              Type           Power      Damage    Failure   Level
a - Sandblast             Erth           100%       2d20      0%          1
b - Passwall              Tmut/Erth      51%        N/A       1%          2
c - Stone Arrow           Conj/Erth      100%       3d13      1%          3
d - Petrify               Tmut/Erth      62%        N/A       1%          4
e - Borgnjor's Vile Clut  Necr/Erth      30%        N/A       3%          5

Your spell library contained the following spells:

 Spells                   Type           Power      Damage    Failure   Level
 Searing Ray              Conj           100%       2d8       0%          2
 Shock                    Conj/Air       100%       1d9       1%          1
 Momentum Strike          Conj/Tloc      100%       3d10      1%          2
 Hailstorm                Conj/Ice       57%        3d12      1%          3
 Blink                    Tloc           28%        N/A       4%          2
 Ensorcelled Hibernation  Hex/Ice        28%        N/A       4%          2
 Lesser Beckoning         Tloc           28%        N/A       4%          2
 Swiftness                Air            14%        N/A       10%         3
 Ice Form                 Ice/Tmut       16%        N/A       28%         4
 Airstrike                Air            7%         2d(1-17)  32%         4
 Animate Dead             Necr           14%        N/A       32%         4
 Olgreb's Toxic Radiance  Pois           14%        N/A       32%         4
 Summon Lightning Spire   Summ/Air       14%        N/A       32%         4
 Summon Forest            Summ/Tloc      7%         N/A       65%         5
 Summon Mana Viper        Hex/Summ       14%        N/A       65%         5
 Death Channel            Necr           7%         N/A       99%         6
 Simulacrum               Ice/Necr       7%         N/A       99%         6
 Summon Cactus Giant      Summ           7%         N/A       99%         6
 Ozocubu's Refrigeration  Ice            7%         4d9       100%        7
 Storm Form               Tmut/Air       8%         N/A       100%        7
 Ignition                 Fire           7%         3d4       100%        8
 Maxwell's Capacitive Co  Air            7%         ∞         100%        8

Inventory:

Hand Weapons
 i - a +4 battleaxe (weapon)
   (You took it off a wight on level 4 of the Dungeon)
Missiles
 X - 4 poisoned darts
Armour
 a - a +0 robe
 h - a +2 pair of gloves (worn)
   (You found it on level 1 of the Dungeon)
 Q - a +1 cloak (worn)
   (You found it on level 10 of the Dungeon)
 T - the +7 toga "Victory" (worn) {*Victory Int+7 Slay+7 Clar}
   (You found it on level 7 of the Dungeon)

   *Victory:  When the wearer kills a threatening monster, it has a chance to
   gain +1 AC, +1 Slay, and +1 Int, capping at +7.
   When the wearer uses a scroll or a potion with a hostile monster in sight,
   its bonuses reset to +0.
   Unequipping it also resets its bonuses to +0.
   Int:       It affects your intelligence (+7).
   Slay:      It affects your accuracy & damage with ranged weapons and melee
   (+7).
   Clar:      It protects you against confusion.
Magical Staves
 t - a staff of cold {!a}
   (You found it on level 3 of the Dungeon)
 L - a staff of air {!a}
   (You found it on level 9 of the Dungeon)
Jewellery
 c - a ring of protection from cold
   (You found it on level 12 of the Dungeon)
 d - a +6 ring of dexterity
   (You took it off an orc on level 8 of the Dungeon)
 A - an amulet of the acrobat
   (You found it on level 1 of the Dungeon)
 C - a ring of ice
   (You took it off Fannar on level 10 of the Dungeon)
 D - a +6 ring of dexterity
   (You found it on level 1 of the Dungeon)
 E - a +5 ring of evasion (left hand)
   (You found it on level 11 of the Dungeon)
 G - an amulet of reflection (around neck)
   (You found it on level 1 of the Lair of Beasts)
 I - a +6 ring of intelligence (right hand)
   (You found it on level 4 of the Dungeon)
 N - a ring of positive energy
   (You found it on level 3 of the Dungeon)
 P - a +6 ring of dexterity
   (You found it on level 10 of the Dungeon)
 R - a ring of resist corrosion
   (You found it on level 1 of the Lair of Beasts)
 Z - a ring of willpower
   (You found it on level 12 of the Dungeon)
Wands
 r - a wand of flame (24)
   (You found it on level 6 of the Dungeon)
 x - a wand of paralysis (11)
   (You found it on level 1 of the Lair of Beasts)
 y - a wand of polymorph (22)
   (You took it off Blork the orc on level 5 of the Dungeon)
 O - a wand of mindburst (7)
   (You took it off an orc warrior on level 11 of the Dungeon)
 U - a wand of iceblast (15)
   (You took it off an orc priest on level 12 of the Dungeon)
Scrolls
 g - a scroll of silence {!r}
 k - 5 scrolls of magic mapping {!r}
 m - 3 scrolls of fog
 v - 7 scrolls of teleportation {@r4}
 H - a scroll of fear
 K - 3 scrolls of poison
 M - a scroll of vulnerability {!r!r}
 S - a scroll of blinking {!r}
 Y - a scroll of torment {!r}
Potions
 b - 2 potions of magic
 e - 4 potions of curing {@q1}
 f - 5 potions of mutation {!q}
 j - 3 potions of ambrosia
 l - 2 potions of lignification {!q}
 n - 4 potions of cancellation
 o - 2 potions of resistance
 p - a potion of berserk rage {!q}
 q - 2 potions of flight
 u - 3 potions of brilliance
 w - 2 potions of might
 z - 2 potions of attraction {!q}
 B - 5 potions of invisibility
 F - 4 potions of haste {@q3}
 J - 3 potions of heal wounds {@q2}
Miscellaneous
 V - a tin of tremorstones (2/2)
   (You found it on level 12 of the Dungeon)

Dungeon Overview and Level Annotations

Branches:
Dungeon (12/15) Zot: 25702  Temple (1/1) D:5 Zot: 5837    Lair (2/5) D:11 Zot: 10701
    Orc (0/2) D:9
  Swamp: Lair:2-3    Shoals: Lair:2-3     Snake: Lair:2-3    Spider: Lair:2-3

Altars:
Ashenzari
Cheibriados
Dithmenos
Elyvilon
Fedhas
Gozag
Hepliaklqana
Kikubaaqudgha
Makhleb
Nemelex Xobeh
Okawaru
Qazlal
Ru
Sif Muna
Trog
Uskayaw
Vehumet
Wu Jian
Xom
Yredelemnul
Zin
The Shining One

Shops:
D:1 [   D:7 *   D:8 *   D:9 ?   D:10 !

Annotations:
Lair:2 Nergalle

....P..$.....
..........#
....#.....# #
P(........# ### .#
((.......####P###.###
....................#
....................#
.......†Zo..........#
.......Z@Z..........#
........ZZ..........#
.........##.#P.P....#
#####...###...###..#
.####...####.......#
..........##†.......#
....#....##[...##...#
.....#...#.###.#.#...#
#..<..####### ..##


You could see Nergalle, 2 spectral orcs and 3 spectral orc warriors.


Message History

Nergalle mutters something.
Nergalle points at the spectral orc warrior and mumbles some strange words.
The spectral orc warrior seems to speed up.
The spectral orc warrior barely misses you.
The spectral orc warrior misses you.
You block the spectral orc warrior's attack. 😱 HP[+1] MP[-1]
You lost 1 mp, and now have 7/24 mp.
Casting: Sandblast (safe; 0% risk of failure)
Confirm with . or Enter, or press ? or * to list all spells.
Aiming: Sandblast (safe; 0% risk of failure)
Press: ? - help, Shift-Dir - straight line, f/p - Nergalle
Aim: Nergalle, wielding a +2 dagger of venom and wearing a +2 robe of resistance (severely wounded, 84% to hit)
The blast of sand hits Nergalle.
The spectral orc warrior completely misses you.
The spectral orc hits you but does no damage.
The spectral orc barely misses you. Nergalle hits you but does no damage.
The spectral orc warrior hits you but does no damage. x3
Nergalle hits you but does no damage. You block the spectral orc's attack.
The spectral orc hits you but does no damage. 😱 MP[-1]
You lost 1 mp, and now have 6/24 mp.
Casting: Sandblast (safe; 0% risk of failure)
Confirm with . or Enter, or press ? or * to list all spells.
Aiming: Sandblast (safe; 0% risk of failure)
Press: ? - help, Shift-Dir - straight line, f/p - Nergalle
Aim: Nergalle, wielding a +2 dagger of venom and wearing a +2 robe of resistance (severely wounded, 84% to hit)
The blast of sand hits Nergalle but does no damage.
The spectral orc warrior barely misses you. x2
The spectral orc warrior misses you.
You block the spectral orc warrior's attack.
The spectral orc misses you. x2
Nergalle hits you with a +2 dagger of venom.
* * * LOW HITPOINT WARNING * * *
You block the spectral orc warrior's attack.
The spectral orc warrior hits you but does no damage.
The spectral orc warrior barely misses you. 😱 HP[-2]
You take 2 damage, and now have 10/59 hp.
Casting: Sandblast (safe; 0% risk of failure)
Confirm with . or Enter, or press ? or * to list all spells.
Aiming: Sandblast (safe; 0% risk of failure)
Press: ? - help, Shift-Dir - straight line, f/p - Nergalle
Aim: Nergalle, wielding a +2 dagger of venom and wearing a +2 robe of resistance (severely wounded, 84% to hit)
The blast of sand hits Nergalle.
The spectral orc warrior barely misses you.
The spectral orc hits you but does no damage.
The spectral orc misses you. Nergalle barely misses you.
The spectral orc warrior hits you but does no damage.
You block the spectral orc warrior's attack.
The spectral orc warrior closely misses you.
Nergalle closely misses you.
You block the spectral orc's attack. x2 😱 MP[-1]
You lost 1 mp, and now have 5/24 mp.
Casting: Sandblast (safe; 0% risk of failure)
Confirm with . or Enter, or press ? or * to list all spells.
Aiming: Sandblast (safe; 0% risk of failure)
Press: ? - help, Shift-Dir - straight line, f/p - Nergalle
Aim: Nergalle, wielding a +2 dagger of venom and wearing a +2 robe of resistance (almost dead, 84% to hit)
The blast of sand hits Nergalle but does no damage.
The spectral orc warrior closely misses you.
The spectral orc warrior hits you with a +0 flail.
* * * LOW HITPOINT WARNING * * *
The spectral orc warrior misses you.
The spectral orc warrior hits you but does no damage.
The spectral orc barely misses you. The spectral orc completely misses you.
Nergalle points at the spectral orc warrior and mumbles some strange words.
The spectral orc warrior seems to speed up.
You block the spectral orc warrior's attack.
The spectral orc warrior closely misses you. 😱 MP[-1]
You lost 1 mp, and now have 4/24 mp.
Casting: Sandblast (safe; 0% risk of failure)
Confirm with . or Enter, or press ? or * to list all spells.
Aiming: Sandblast (safe; 0% risk of failure)
Press: ? - help, Shift-Dir - straight line, f/p - Nergalle
Aim: Nergalle, wielding a +2 dagger of venom and wearing a +2 robe of resistance (severely wounded, 84% to hit)
The blast of sand hits Nergalle but does no damage.
The spectral orc warrior closely misses you.
The spectral orc warrior barely misses you.
The spectral orc hits you but does no damage.
The spectral orc barely misses you. Nergalle hits you but does no damage.
The spectral orc warrior completely misses you.
The spectral orc warrior barely misses you.
The spectral orc warrior hits you with a +0 flail.
* * * LOW HITPOINT WARNING * * *
Nergalle hits you but does no damage. The spectral orc completely misses you.
You block the spectral orc's attack. 😱 HP[-4]
You take 4 damage, and now have 6/59 hp.
Casting: Sandblast (safe; 0% risk of failure)
Confirm with . or Enter, or press ? or * to list all spells.
Aiming: Sandblast (safe; 0% risk of failure)
Press: ? - help, Shift-Dir - straight line, f/p - Nergalle
Aim: Nergalle, wielding a +2 dagger of venom and wearing a +2 robe of resistance (severely wounded, 84% to hit)
The blast of sand hits Nergalle.
The spectral orc warrior closely misses you.
You block the spectral orc warrior's attack.
The spectral orc warrior hits you with a +0 flail!
You die...

Skill      XL: |  1  2  3  4  5  6  7  8  9 10 11 12 |
---------------+-------------------------------------+-----
Earth Magic    | 4 5 6 7 9 11 13 14 15 | 15.8
Conjurations   | 2 3 5 7 9 11 12 13 | 13.8
Spellcasting   | 3 4 5 6 7 8 |  8.8
Dodging        | |  1.5
Stealth        | |  2.1
Transmutations | |  0.7

Action                     |  1- 3 |  4- 6 |  7- 9 | 10-12 || total
---------------------------+-------+-------+-------+-------++-------
  Melee: Unarmed           |     3 |    26 |       |       ||    29
         Battleaxe         |       |       |     2 |    46 ||    48
   Cast: Sandblast         |    45 |    81 |    87 |   290 ||   503
         Stone Arrow       |       |       |    45 |    97 ||   142
         Petrify           |       |       |     1 |    10 ||    11
  Evoke: Wand              |       |       |       |     2 ||     2
    Use: Scroll            |       |     1 |    11 |    17 ||    29
   Stab: Sleeping          |     1 |       |       |       ||     1
         Distracted        |       |       |       |     1 ||     1
 Armour: Robe              |     3 |    26 |    19 |   225 ||   273
  Dodge: Dodged            |     9 |    61 |    62 |   292 ||   424
  Block: Other             |       |       |       |    21 ||    21

Levels and vault maps discovered:
D:1:      minmay_arrival_doors, layout_basic, serial_shops, nicolae_shop_crystal
D:2:      layout_loops_ring, kennysheep_boxes
D:3:      layout_basic, hellmonk_ecumenical_altar_zigzags,
          chequers_serial_rivers_micro_e, nrook_mini_vaults
D:4:      layout_rooms
D:5:      layout_basic, minmay_temple_entry_nine_rooms, due_unseen_surprise,
          uniq_blork_the_orc, uniq_grinder
D:6:      kb_forest_paths, layout_basic, mainiacjoe_overflow_surrounded_room,
          hex_medium
D:7:      layout_basic, serial_glass, glass_columns_a, glass_columns_a,
          st_stairs_1, minmay_shop_damaged
D:8:      layout_loops_ring, serial_shops, nicolae_square_shop,
          kennysheep_generic_room_9
D:9:      layout_loops_ring, orc_0_dummy, serial_shops, nicolae_stop_n_shop_1,
          blue_anna_alchemist, uniq_joseph
D:10:     layout_roguey, grunt_temple_overflow_lords_of_destruction,
          serial_corexii_hall, chequers_hall_statues_corner_a,
          corexii_hall_statues_i, serial_shops, nicolae_take_the_stairs,
          uniq_fannar
D:11:     layout_loops_cross, grunt_lair_entry_orc_guard_hut, uniq_lodul
D:12:     layout_basic, nemelex_altar_shiori, uniq_urug
Temple:   nicolae_temple_bog_church
Lair:1:   layout_concentric_octagons, dreamdust_mushroom_princess,
          eino_small_chamber_without_monster, serial_bayou_shore_a
Lair:2:   layout_regular_city, small_statue_intersection, minmay_lindwurm_lava,
          lemuel_fruit_tree, grunt_megastairs_1, uniq_nergalle, uniq_erica,
          uniq_harold

Notes
Turn   | Place    | Note
-------+----------+-------------------------------------------
     0 | D:1      | kae the Gargoyle Earth Elementalist began the quest for the
                  | Orb.
     0 | D:1      | Reached XP level 1. HP: 10/10 MP: 3/3
     0 | D:1      | magus.rc [v1.11.3]
    54 | D:1      | Reached skill level 4 in Earth Magic
   130 | D:1      | Reached XP level 2. HP: 15/15 MP: 3/5
   260 | D:1      | You pick up a book of the Tundra and begin reading...
   260 | D:1      | You add the spells Hailstorm, Ice Form and Simulacrum to
                  | your library.
   371 | D:1      | Found Fecza's Antique Armour Boutique.
   562 | D:1      | Reached XP level 3. HP: 18/19 MP: 1/6
   565 | D:1      | Learned a level 2 spell: Passwall
   569 | D:1      | Learned a level 3 spell: Stone Arrow
   737 | D:1      | You pick up a book of the Wilderness and begin reading...
   737 | D:1      | You add the spells Summon Forest, Summon Mana Viper and
                  | Summon Cactus Giant to your library.
   854 | D:2      | Identified the +5 spear "Spiderbane" {flame, Fragile rC+++
                  | Int+2 SInv}
   931 | D:2      | Reached skill level 5 in Earth Magic
  1135 | D:2      | Reached XP level 4. HP: 24/24 MP: 5/8
  1229 | D:2      | You pick up a book of Air and begin reading...
  1229 | D:2      | You add the spells Shock, Swiftness and Airstrike to your
                  | library.
  1257 | D:2      | You pick up a book of Burglary and begin reading...
  1738 | D:3      | Found a faded altar of an unknown god.
  2208 | D:3      | Reached skill level 1 in Conjurations
  2411 | D:3      | You pick up a book of Spatial Translocations and begin
                  | reading...
  2411 | D:3      | You add the spells Blink, Momentum Strike and Lesser
                  | Beckoning to your library.
  2414 | D:4      | Noticed a scorpion
  2414 | D:4      | Noticed a phantom
  2420 | D:3      | Killed a phantom
  2421 | D:3      | Reached skill level 3 in Spellcasting
  2421 | D:3      | Reached skill level 2 in Conjurations
  2421 | D:3      | Reached XP level 5. HP: 27/28 MP: 4/9
  2453 | D:4      | Reached skill level 6 in Earth Magic
  2501 | D:4      | Reached XP level 6. HP: 32/32 MP: 7/10
  2566 | D:4      | Reached skill level 3 in Conjurations
  2661 | D:4      | You pick up a book of the Tundra and begin reading...
  3011 | D:4      | Reached XP level 7. HP: 36/36 MP: 6/12
  3131 | D:4      | You add the spells Olgreb's Toxic Radiance, Ozocubu's
                  | Refrigeration and Ignition to your library.
  3296 | D:5      | Entered Level 5 of the Dungeon
  3338 | D:5      | Noticed a yak
  3338 | D:5      | Noticed a yak
  3350 | D:5      | Noticed a yak
  3357 | D:5      | Killed a yak
  3358 | D:5      | Reached skill level 4 in Conjurations
  3358 | D:5      | Reached skill level 7 in Earth Magic
  3553 | D:5      | Reached skill level 4 in Spellcasting
  3607 | D:5      | Reached skill level 5 in Conjurations
  3607 | D:5      | Reached XP level 8. HP: 41/41 MP: 0/14
  3715 | D:5      | Noticed Blork the orc
  3722 | D:5      | Killed Blork the orc
  3723 | D:5      | Reached skill level 8 in Earth Magic
  3771 | D:5      | Identified the +2 trident of Zin's Outrage {heavy, rC+
                  | Int+4 SInv}
  3775 | D:5      | Found a staircase to the Ecumenical Temple.
  3882 | D:5      | Noticed Grinder
  3925 | Temple   | Entered the Ecumenical Temple
  4201 | D:5      | Killed a yak
  4209 | D:5      | Killed a yak
  4210 | D:5      | Reached skill level 6 in Conjurations
  4353 | D:5      | Paralysed by Grinder for 2 turns
  4358 | D:5      | Paralysed by Grinder for 3 turns
  4363 | D:5      | Killed Grinder
  4364 | D:5      | Reached skill level 9 in Earth Magic
  4707 | D:5      | Reached skill level 5 in Spellcasting
  4707 | D:5      | Reached skill level 7 in Conjurations
  4713 | D:5      | You pick up a book of Unlife and begin reading...
  4713 | D:5      | You add the spells Animate Dead, Borgnjor's Vile Clutch and
                  | Death Channel to your library.
  4890 | D:6      | Learned a level 4 spell: Petrify
  4896 | D:6      | Learned a level 5 spell: Borgnjor's Vile Clutch
  5047 | D:6      | Reached XP level 9. HP: 45/45 MP: 13/16
  5134 | D:6      | Found a snail-covered altar of Cheibriados.
  5236 | D:6      | Noticed a cyclops
  5241 | D:6      | HP: 2/45 [cyclops/large rock (43)]
  5242 | D:6      | Killed a cyclops
  5243 | D:6      | Reached skill level 10 in Earth Magic
  5656 | D:6      | Reached skill level 8 in Conjurations
  6378 | D:7      | Noticed a hornet
  6391 | D:6      | Killed a hornet
  6476 | D:7      | Reached skill level 11 in Earth Magic
  6579 | D:7      | Identified the +0 leather armour of Precision Catastrophes
                  | {+Blink Stlth+}
  6580 | D:7      | Found the +0 toga "Victory" {*Victory Clar}
  6589 | D:7      | Found Hoxyuz's Lightly-Used Armoury.
  6759 | D:7      | Reached skill level 6 in Spellcasting
  6759 | D:7      | Reached skill level 9 in Conjurations
  6777 | D:7      | Reached XP level 10. HP: 45/50 MP: 15/19
  7589 | D:8      | Found Heusak's General Store.
  7678 | D:8      | Bought a potion of might for 56 gold pieces
  8309 | D:9      | Reached skill level 12 in Earth Magic
  8379 | D:9      | Found a staircase to the Orcish Mines.
  8452 | D:9      | Reached skill level 10 in Conjurations
  8467 | D:9      | HP: 10/50 [yak (5)]
  9172 | D:9      | Found Wyptorixt's Magic Scroll Boutique.
  9178 | D:9      | Noticed a two-headed ogre
  9181 | D:9      | Noticed Joseph
  9218 | D:9      | Reached skill level 7 in Spellcasting
  9231 | D:9      | Killed Joseph
  9348 | D:9      | Killed a two-headed ogre
  9349 | D:9      | Reached skill level 11 in Conjurations
  9349 | D:9      | Reached skill level 13 in Earth Magic
  9349 | D:9      | Reached XP level 11. HP: 54/54 MP: 6/21
  9444 | D:9      | Bought 3 scrolls of identify for 78 gold pieces
  9447 | D:9      | Bought a scroll of identify for 26 gold pieces
  9447 | D:9      | Bought a scroll of identify for 26 gold pieces
  9447 | D:9      | Bought a scroll of identify for 26 gold pieces
  9496 | D:10     | Entered Level 10 of the Dungeon
  9673 | D:10     | Found Xotzo's Distillery.
  9675 | D:10     | Noticed Fannar
  9677 | D:10     | Noticed a two-headed ogre
  9825 | D:10     | Killed Fannar
  9927 | D:10     | You pick up a book of the Sky and begin reading...
  9927 | D:10     | You add the spells Summon Lightning Spire, Storm Form and
                  | Maxwell's Capacitive Coupling to your library.
  9939 | D:10     | Found a burning altar of Makhleb.
  9939 | D:10     | Found a radiant altar of Vehumet.
  9948 | D:10     | Became a worshipper of Vehumet
 10412 | D:10     | HP: 12/54 [something (2)]
 10415 | D:10     | HP: 3/54 [something (6)]
 10860 | D:10     | Found the +1 cloak of Starlight {*Dazzle EV+4 Stlth--}
 11007 | D:11     | Reached skill level 12 in Conjurations
 11007 | D:11     | Reached skill level 14 in Earth Magic
 11377 | D:11     | Reached * piety under Vehumet
 11377 | D:11     | Offered knowledge of Freeze by Vehumet.
 11389 | D:11     | HP: 11/54 [komodo dragon (23)]
 11405 | D:11     | HP: 1/54 [disintegration (15)]
 11684 | D:11     | Noticed Lodul
 11690 | D:11     | Killed Lodul
 11691 | D:11     | Reached skill level 8 in Spellcasting
 11919 | D:11     | Reached XP level 12. HP: 41/59 MP: 20/24
 12055 | D:11     | Found a staircase to the Lair.
 12404 | D:12     | Noticed Urug
 12409 | D:11     | Reached skill level 15 in Earth Magic
 12410 | D:11     | Reached skill level 13 in Conjurations
 12957 | D:12     | Noticed a two-headed ogre
 12963 | D:12     | Killed a two-headed ogre
 13066 | D:12     | Noticed a two-headed ogre
 13072 | D:12     | Killed a two-headed ogre
 13260 | D:12     | Killed Urug
 13533 | D:12     | Found a sparkling altar of Nemelex Xobeh.
 13688 | Lair:1   | Entered Level 1 of the Lair of Beasts
 14435 | Lair:1   | Offered knowledge of Searing Ray by Vehumet.
 14440 | Lair:1   | Reached ** piety under Vehumet
 14651 | Lair:1   | Identified the +7 spear "Ihuser" {freeze, Drain Int+5}
 14914 | Lair:2   | Noticed Nergalle
 14940 | Lair:2   | HP: 14/59 [spectral orc warrior/+0 flail[Nergalle] (6)]
 14945 | Lair:2   | HP: 10/59 [spectral orc warrior/+0 flail[Nergalle] (1)]
 14947 | Lair:2   | Slain by a spectral orc warrior

Vanquished Creatures
  Fannar (D:10)
  3 two-headed ogres
  Urug (D:12)
  Lodul (D:11)
  An ugly thing (D:11)
  A cyclops (D:6)
  A black mamba (Lair:2)
  Joseph (D:9)
  An unseen horror (D:10)
  A cane toad (Lair:1)
  6 komodo dragons
  5 trolls (D:11)
  Grinder (D:5)
  2 hornets
  4 slime creatures
  A wyvern (D:7)
  A wraith (D:9)
  2 shadows (D:11)
  A basilisk (D:12)
  17 yaks
  A steam dragon (D:9)
  An acid dragon (D:8)
  3 water moccasins
  5 orc warriors
  An ice beast (D:5)
  7 ogres (D:11)
  2 black bears
  4 wolves (Lair:2)
  8 centaurs
  A phantom (D:3)
  Blork the orc (D:5)
  4 kobold brigands
  8 bullfrogs
  A necrophage (D:5)
  7 scorpions
  4 gnoll sergeants
  3 wights
  11 killer bees
  An electric eel (Lair:1)
  5 howler monkeys
  A crimson imp (D:10)
  A jelly (D:4)
  2 hounds (D:6)
  6 orc priests
  An iguana (D:6)
  4 orc wizards
  5 hell rats (Lair:1)
  18 gnolls
  4 adders
  A shadow imp (D:6)
  2 white imps
  4 worms
  47 orcs
  7 ball pythons
  4 bats
  7 endoplasms
  4 giant cockroaches
  5 goblins
  12 hobgoblins
  4 jackals (D:4)
  18 kobolds
  6 quokkas
  3 frilled lizards
  6 rats
302 creatures vanquished.

Vanquished Creatures (others)
  28 fungi
  39 plants
67 creatures vanquished.

Grand Total: 369 creatures vanquished

Table legend:
 A = Non-vault XP
 B = Vault XP
 C = Vault XP percentage of total XP
 D = Non-vault monster count
 E = Vault monster count
 F = Vault count percentage of total count
                 A         B        C        D         E       F
            +---------+---------+-------+---------+---------+-------
      Total |   20583 |    6238 |  23.3 |     271 |      31 |  10.3
            +---------+---------+-------+---------+---------+-------
        D:1 |      40 |       0 |   0.0 |      23 |       0 |   0.0
        D:2 |      48 |       0 |   0.0 |      16 |       0 |   0.0
        D:3 |     145 |       0 |   0.0 |      17 |       0 |   0.0
        D:4 |     518 |       0 |   0.0 |      39 |       0 |   0.0
        D:5 |    1168 |     394 |  25.2 |      15 |       2 |  11.8
        D:6 |    1311 |     438 |  25.0 |      14 |       7 |  33.3
        D:7 |     835 |     180 |  17.7 |      20 |       2 |   9.1
        D:8 |     926 |       3 |   0.3 |      30 |       1 |   3.2
        D:9 |    3640 |     555 |  13.2 |      35 |       2 |   5.4
       D:10 |    2605 |     919 |  26.1 |      12 |       2 |  14.3
       D:11 |    3974 |    2806 |  41.4 |      20 |      13 |  39.4
       D:12 |    2717 |     790 |  22.5 |      13 |       1 |   7.1
     Lair:1 |    1589 |       0 |   0.0 |      11 |       0 |   0.0
     Lair:2 |    1067 |     153 |  12.5 |       6 |       1 |  14.3
            +---------+---------+-------+---------+---------+-------

Illustrated notes

Table legend:
 A = Kills in this place as a percentage of kills in entire the game.
 B = Kills by you in this place as a percentage of kills by you in the entire game.
 C = Kills by friends in this place as a percentage of kills by friends in the entire game.
 D = Other kills in this place as a percentage of other kills in the entire game.
 E = Experience gained in this place as a percentage of experience gained in the entire game.
 F = Experience gained in this place divided by the number of levels of this place that you have seen.
                   A       B       C       D       E      F
               +-------+-------+-------+-------+-------+----------------------
         Total | 100.0 | 100.0 |   N/A |   N/A | 100.0 | 1788.1
       Dungeon |  94.0 |  94.0 |   N/A |   N/A |  89.5 | 2001.0
          Lair |   6.0 |   6.0 |   N/A |   N/A |  10.5 | 1404.5
               +-------+-------+-------+-------+-------+----------------------

Table legend: (Time is in decaauts)
 A = Elapsed time spent in this place.
 B = Non-inter-level travel time spent in this place.
 C = Inter-level travel time spent in this place.
 D = Time resting spent in this place.
 E = Time spent auto-exploring this place.
 F = Levels seen in this place.
 G = Mean time per level.
                   A        B        C        D        E       F      G
               +--------+--------+--------+--------+--------+-----+--------+
         Total |  15252 |  14771 |    481 |   1887 |  10806 |  15 | 1016.8 |
       Dungeon |  13793 |  13350 |    443 |   1887 |   9557 |  12 | 1149.4 |
        Temple |    162 |    147 |     15 |      0 |    133 |   1 |  162.0 |
          Lair |   1296 |   1273 |     23 |      0 |   1116 |   2 |  648.0 |
               +--------+--------+--------+--------+--------+-----+--------+

Top non-repeatable levels by time:
    D:11: 1717 daAuts
     D:9: 1602 daAuts
     D:6: 1581 daAuts
    D:10: 1355 daAuts
     D:4: 1185 daAuts
     D:5: 1146 daAuts
  Lair:1: 1128 daAuts
    D:12: 955 daAuts
     D:8: 930 daAuts
     D:3: 899 daAuts
     D:7: 837 daAuts
     D:1: 804 daAuts
     D:2: 778 daAuts
  Lair:2: 167 daAuts
  Temple: 162 daAuts
